 Dungeon Crawl Stone Soup version 0.29-a0-323-g050149af67 (webtiles) character file.

Game seed: 10875056538647651142

242 Jortsu the Ruffian (level 5, -5/49 HPs)
             Began as a Troll Hunter on Apr 11, 2022.
             Was a Believer of Zin.
             Slain by an orc warrior
             ... wielding a +0 scimitar
              (12 damage)
             ... on level 3 of the Dungeon.
             The game lasted 00:03:29 (2398 turns).

Jortsu the Ruffian (Troll Hunter)                   Turns: 2398, Time: 00:03:29

Health: -5/49      AC:  4    Str: 19    XL:     5   Next: 81%
Magic:  4/4        EV: 10    Int:  5    God:    Zin [**....]
Gold:   160        SH:  0    Dex: 15    Spells: 4/4 levels left

rFire   . . .      SeeInvis .     - Unarmed
rCold   + . .      Faith    .   (no shield)
rNeg    . . .      Spirit   .   b - +0 robe
rPois   .          Reflect  .   (helmet restricted)
rElec   .          Harm     .   (no cloak)
rCorr   .          Rampage  .   (gloves unavailable)
Will    .....                   (boots unavailable)
Stlth   ++........              (no amulet)
HPRegen 0.96/turn               k - ring of protection from cold
MPRegen 0.09/turn               (no ring)

@: no status effects
A: large, unfitting armour, claws 3, regeneration 1, shaggy fur 1, tough skin 1
a: Renounce Religion, Recite, Vitalisation, Donate Gold


You were on level 3 of the Dungeon.
You worshipped Zin.
Zin was pleased with you.
You visited 1 branch of the dungeon, and saw 3 of its levels.

You collected 177 gold pieces.
You donated 17 gold pieces to Zin.

Inventory:

Hand Weapons
 a - a +1 vorpal hunting sling
Armour
 b - a +0 robe (worn)
Jewellery
 k - a ring of protection from cold (left claw)
Scrolls
 c - a scroll of immolation
 d - 2 scrolls of magic mapping {unknown}
 e - a scroll of vulnerability
 f - 2 scrolls of enchant weapon {unknown}
 i - a scroll of fog
 j - a scroll of fear
Potions
 g - 2 potions of degeneration {unknown}
 h - a potion of curing
 l - a potion of mutation {unknown}
 m - a potion of flight {unknown}


   Skills:
 + Level 1.9 Fighting
 + Level 3.3 Slings
 + Level 2.2 Dodging
 + Level 1.0 Stealth
 + Level 3.7 Unarmed Combat


You had 4 spell levels left.
You didn't know any spells.
Your spell library contained the following spells:

 Spells                   Type           Power      Damage    Failure   Level
 Ensorcelled Hibernation  Hex/Ice        0%         N/A       63%         2
 Passwall                 Tmut/Erth      0%         N/A       63%         2
 Inner Flame              Hex/Fire       0%         N/A       85%         3
 Swiftness                Air            0%         N/A       85%         3
 Cause Fear               Hex            0%         N/A       99%         4
 Discord                  Hex            0%         N/A       100%        8


Dungeon Overview and Level Annotations

Branches:
Dungeon (3/15)

Altars:
Trog
Zin


Innate Abilities, Weirdness & Mutations

You are too large for most types of armour.
You have claws for hands.
Your natural rate of healing is unusually fast.
You are covered in fur. (AC +1)
You have tough skin. (AC +1)


Message History

The rat bites you.
You closely miss the rat. The rat closely misses you.
You claw the rat!
You kill the rat!
You see here a +0 rapier.
There is an open door here.
You open the door.
An orc comes into view. It is wielding a +0 hand axe.
An orc warrior and an orc priest come into view.
There is an open door here.
The orc warrior throws a boomerang.
The boomerang closely misses you.
The helpless orc fails to defend itself.
You scratch the orc.
The orc is lightly wounded.
The orc hits you with a +0 hand axe.
There is an open door here.
You scratch the orc.
You kill the orc!
Okay, then.
The orc warrior barely misses you.
You scratch the orc warrior.
The orc warrior is lightly wounded.
The orc warrior hits you with a +0 scimitar!
You scratch the orc warrior but do no damage.
You claw the orc warrior.
The orc warrior is moderately wounded.
You barely miss the orc warrior.
The orc warrior is moderately wounded.
The orc warrior barely misses you.
You completely miss the orc warrior.
The orc warrior is moderately wounded.
The orc warrior hits you with a +0 scimitar!
You claw the orc warrior!
The orc warrior is severely wounded.
The orc warrior hits you with a +0 scimitar!!
* * * LOW HITPOINT WARNING * * *
You claw the orc warrior!
The orc warrior is almost dead.
The orc warrior hits you with a +0 scimitar!
You die...

#......# ### #.####.# ..
#.#..#.# ##.#+### #.#..#.#
#......#######.#..#.#
#####............#.#..#.#
.o...o......#....#.#.....
########o##.#<...#.##.#.#
##### #@##.####.#....#..
#...# #.##.#.....#######
#...#####.##.#.##..#
#......##......##..#######
###.##...##.................
#.'.#.._..####.#.....#######
#.#.#.....####.#.###.#
#.#.#######....#.# #.#
#.#..# #.....#.###.#


You could see an orc warrior.

Vanquished Creatures
  Jessica (D:2)
  Natasha (thrice) (D:3)
  5 gnolls (D:3)
  3 adders
  3 worms
  2 dart slugs (D:3)
  2 orcs (D:3)
  3 endoplasms
  2 giant cockroaches
  6 hobgoblins
  5 quokkas
  4 ball pythons
  3 bats
  4 frilled lizards
  5 goblins
  A kobold (D:2)
  7 rats
59 creatures vanquished.

Vanquished Creatures (others)
  A ball python (D:3)
1 creature vanquished.

Grand Total: 60 creatures vanquished

Notes
Turn   | Place    | Note
-------+----------+-------------------------------------------
     0 | D:1      | Jortsu the Troll Hunter began the quest for the Orb.
     0 | D:1      | Reached XP level 1. HP: 19/19 MP: 0/0
   511 | D:1      | Reached XP level 2. HP: 28/28 MP: 1/1
   999 | D:2      | Noticed Jessica
  1006 | D:2      | Killed Jessica
  1007 | D:2      | Reached XP level 3. HP: 18/35 MP: 2/2
  1125 | D:2      | Reached skill level 1 in Unarmed Combat
  1439 | D:2      | Reached XP level 4. HP: 42/42 MP: 3/3
  1588 | D:3      | Noticed Natasha
  1595 | D:3      | Killed Natasha
  1795 | D:3      | Noticed Natasha
  1806 | D:3      | Killed Natasha
  1807 | D:3      | Reached XP level 5. HP: 44/49 MP: 4/4
  1857 | D:3      | Reached skill level 1 in Stealth
  1899 | D:3      | Noticed Natasha
  1910 | D:3      | Killed Natasha
  2052 | D:3      | Found a faded altar of an unknown god.
  2060 | D:3      | Prayed at the altar of an unknown god.
  2060 | D:3      | Became a worshipper of Zin the Law-Giver
  2060 | D:3      | Reached * piety under Zin
  2060 | D:3      | Reached ** piety under Zin
  2088 | D:3      | Found a bloodstained altar of Trog.
  2385 | D:3      | Noticed an orc warrior
  2398 | D:3      | Slain by an orc warrior

Illustrated notes

Levels and vault maps discovered:
D:1:      minmay_arrival_stair_chambers, layout_basic
D:2:      layout_loops_ring, uniq_jessica
D:3:      layout_basic, mainiacjoe_overflow_alcove_1,
          chequers_ecumenical_altar_simple, minmay_between, uniq_natasha

Skill      XL: |  1  2  3  4  5 |
---------------+----------------+-----
Slings         | 3 |  3.3
Unarmed Combat | 1 2 3 |  3.7
Dodging        | 2 |  2.2
Stealth        | 1 |  1.0
Fighting       | |  1.9

Action                   |  1- 3 |  4- 6 || total
-------------------------+-------+-------++-------
Melee: Unarmed           |    85 |    96 ||   181
       Punch             |     1 |     1 ||     2
  Use: Scroll            |     4 |     2 ||     6
 Stab: Sleeping          |     1 |     2 ||     3
Armor: Robe              |    22 |     8 ||    30
Dodge: Dodged            |    39 |    52 ||    91

Table legend: (Time is in decaauts)
 A = Elapsed time spent in this place.
 B = Non-inter-level travel time spent in this place.
 C = Inter-level travel time spent in this place.
 D = Time resting spent in this place.
 E = Time spent auto-exploring this place.
 F = Levels seen in this place.
 G = Mean time per level.
                   A        B        C        D        E       F      G
               +--------+--------+--------+--------+--------+-----+--------+
         Total |   2395 |   2361 |     34 |     57 |   1744 |   3 |  798.3 |
       Dungeon |   2395 |   2361 |     34 |     57 |   1744 |   3 |  798.3 |
               +--------+--------+--------+--------+--------+-----+--------+

Top non-repeatable levels by time:
     D:1: 994 daAuts
     D:3: 809 daAuts
     D:2: 591 daAuts
